 Dungeon Sprint DCSS version 0.21-a0-113-g6841d05 (webtiles) character file.

6036 Kidiri the Blocker (level 10, -10/92 HPs)
             Began as a Hill Orc Wanderer on July 12, 2017.
             Was the Champion of Beogh.
             Killed from afar by an efreet (27 damage)
             ... with a bolt of fire
             ... in the Dungeon (Sprint V: "Ziggurat Sprint").
             The game lasted 00:08:36 (1250 turns).

Kidiri the Blocker (Hill Orc Wanderer)              Turns: 1250, Time: 00:08:37

Health: -10/92     AC: 30    Str: 21    XL:     10   Next: 86%
Magic:  17/17      EV:  5    Int: 13    God:    Beogh [******]
Gold:   0          SH: 31    Dex: 19    Spells: 9/9 levels left

rFire    . . .     SeeInvis .   L - +6 shillelagh "Devastator" {shatter}
rCold    . . .     Gourm    .   c - +18 shield of the Gong {rElec rN+ MR+ EV-5}
rNeg     + . .     Faith    .   a - +15 Maxwell's patent armour {-Cast -Tele rElec MR+ rCorr}
rPois    .         Spirit   .   (no helmet)
rElec    +         Reflect  .   (no cloak)
rCorr    +         Harm     .   (no gloves)
MR       ++...     NoTele   +   (no boots) Stlth ..........NoCast +
                                (no amulet)
HPRegen  0.25/turn              B - +6 ring of dexterity
MPRegen  0.15/turn              F - +6 ring of strength

@: studying Shields
A: walk on water
a: Smiting, Recall Orcish Followers, Give Item to Named Follower, Resurrection,
Renounce Religion


You were in the Dungeon.
You worshipped Beogh.
Beogh was exalted by your worship.
You were not hungry.

You visited 1 branch

Inventory:

Hand Weapons
 e - the +9 heavy crossbow "Sniper" {velocity, Acc+∞ SInv}
   (You found it in the Dungeon)

   Any bolt fired from it inflicts extra damage.
   It lets you see invisible.
 L - the +6 shillelagh "Devastator" (weapon) {shatter}
   (You found it in the Dungeon)
Missiles
 d - 1024 bolts
Armour
 a - the +15 Maxwell's patent armour (worn) {-Cast -Tele rElec MR+ rCorr}
   (You found it in the Dungeon)

   It insulates you from electricity.
   It affects your resistance to hostile enchantments.
   It prevents spellcasting.
   It prevents most forms of teleportation.
   It protects you from acid and corrosion.
 c - the +18 shield of the Gong (worn) {rElec rN+ MR+ EV-5}
   (You found it in the Dungeon)

   It affects your evasion (-5).
   It insulates you from electricity.
   It protects you from negative energy.
   It affects your resistance to hostile enchantments.
Jewellery
 B - a +6 ring of dexterity (left hand)
 C - a +6 ring of dexterity
 E - the ring of Lies {rPois MP+9 Str+3}
   (You found it in the Dungeon)

   [ring of strength]

   It affects your strength (+3).
   It protects you from poison.
   It affects your magic capacity (+9).
 F - a +6 ring of strength (right hand)
 G - a +6 ring of strength
 M - an uncursed ring of wizardry
 N - an uncursed ring of positive energy
 O - the ring "Cieguy" {Ice Stlth+}
   (You found it in the Dungeon)

   [ring of ice]

   It enhances your ice magic.
   It makes you vulnerable to fire.
   It protects you from cold.
   It makes you more stealthy.
 P - the ring "Gaecaown" {rC+ rN++ Int+4 Stlth+}
   (You found it in the Dungeon)

   [ring of stealth]

   It affects your intelligence (+4).
   It protects you from cold.
   It greatly protects you from negative energy.
   It makes you more stealthy.
 R - the ring of Diuzu {MP+9 Int+5 Dex+3 Stlth+}
   (You found it in the Dungeon)

   [ring of magical power]

   It affects your intelligence (+5).
   It affects your dexterity (+3).
   It affects your magic capacity (+9).
   It makes you more stealthy.
 S - an uncursed ring of wizardry
 T - an uncursed ring of stealth
 U - the amulet of Yrchot Biho {Spirit Fragile rF+ rN+++ Str+7}
   (You found it in the Dungeon)

   [amulet of guardian spirit]

   It causes incoming damage to be split between your health and magic.
   It affects your strength (+7).
   It protects you from fire.
   It renders you almost immune to negative energy.
   It will be destroyed if unequipped.
Wands
 H - a wand of disintegration (7/24)
 I - a wand of iceblast (5/15)
 J - a wand of lightning (5/15)
 K - a wand of acid (5/15)
Scrolls
 l - 4 scrolls of blinking
 s - 4 scrolls of amnesia
 t - 3 scrolls of recharging
 u - 7 scrolls of fog
 v - a scroll of holy word
 w - 5 scrolls of identify
 x - 5 scrolls of remove curse
 y - 2 scrolls of fear
Potions
 b - a potion of lignification
 g - 10 potions of curing
 h - 9 potions of heal wounds
 i - 6 potions of haste
 j - 7 potions of magic
 k - 3 potions of berserk rage
 m - 2 potions of brilliance
 n - 2 potions of invisibility
 o - 4 potions of resistance
 p - a potion of experience
 q - 6 potions of agility
 r - 5 potions of might
Books
 Q - a manual of Shields
Comestibles
 f - 5 bread rations
 z - 42 fruits
 A - 4 meat rations
 D - 10 chunks of flesh
 V - 3 royal jellies


   Skills:
 + Level 9.7 Fighting
 * Level 11.4 Maces & Flails
 + Level 7.1 Crossbows
 * Level 11.6 Armour
 + Level 6.1 Dodging
 + Level 6.9 Stealth
 * Level 12.5 Shields
 + Level 9.8 Invocations
 + Level 7.4 Evocations


You had 9 spell levels left.
You didn't know any spells.

Dungeon Overview and Level Annotations

Branches:
Dungeon (1/1)

Altars:
Ashenzari
Cheibriados
Dithmenos
Elyvilon
Fedhas
Gozag
Hepliaklqana
Kikubaaqudgha
Makhleb
Nemelex Xobeh
Okawaru
Qazlal
Ru
Sif Muna
Trog
Uskayaw
Vehumet
Wu Jian
Xom
Yredelemnul
Zin
The Shining One
Beogh
Jiyva
Lugonu

Annotations:
D 1 transporter


Message History

You block the fire elemental's attack.
BOUMMMMG!
You block the fire elemental's attack.
BONNNG!
The efreet hits you but does no damage.
Unknown command.
You hit the fire elemental.
The efreet and the hell hound shudder.
The efreet is lightly wounded.
The hell hound is moderately wounded.
The fire elemental is moderately damaged.
You block the hell hound's attack.
BONNNG!
You block the fire elemental's attack.
GONNNNG!
You block the fire elemental's attack.
GONNNNG!
The efreet gestures at you.
The bolt of fire hits the fire elemental.
The fire elemental completely resists.
The bolt of fire hits you!
You die...

▓....©....▓...©...▓
▓▓▓▓▓▓▓▓▓▓▓▓▓▓▓▓▓▓▓
▓...8©8...▓
▓..).):)..▓
▓...}:=:..▓
▓...§.....▓
▓.v.§§§...▓
▓..RE§....▓
▓..@ER....▓
▓.v†h.....▓
▓....©....▓
▓▓▓▓▓▓▓▓▓▓▓


You could see 2 efreet, 2 fire elementals, 2 fire vortices and a hell hound.

Vanquished Creatures
  A two-headed ogre (D)
  2 deep elf magi (D)
  A cyclops (D)
  A troll (D)
  3 merfolk (D)
  3 wind drakes (D)
  2 slime creatures (D)
  2 hippogriffs (D)
  2 air elementals (D)
  A golden eye (D)
  2 insubstantial wisps (D)
  A hell hound (D)
  A porcupine (D)
  A necrophage (D)
  6 ogres (D)
  A phantom (D)
  A wolf (D)
  A wight (D)
  2 crimson imps (D)
  2 jellies (D)
  An iron imp (D)
  A shadow imp (D)
  An ufetubus (D)
  An ooze (D)
  An adder skeleton (D)
  A bat skeleton (D)
  A jackal (D)
  A giant cockroach zombie (D)
  A leopard gecko zombie (D)
  A quokka zombie (D)
46 creatures vanquished.

Vanquished Creatures (others)
  A hell hog (D)
  An orc priest (D)
2 creatures vanquished.

Grand Total: 48 creatures vanquished

Notes
Turn   | Place    | Note
-------+----------+-------------------------------------------
     0 | D        | Kidiri the Hill Orc Wanderer began the quest for the Orb.
     0 | D        | Kidiri set off with: a +2 mace, a potion of lignification, a +0 hand crossbow, 24 bolts, a +0 robe, a bread ration, a potion of curing, a potion of heal wounds, a potion of haste, 2 potions of magic, a potion of berserk rage, a scroll of blinking
     0 | D        | Reached XP level 1. HP: 19/19 MP: 1/1
     0 | D        | Found a deep blue altar of Sif Muna.
     0 | D        | Found a sacrificial altar of Ru.
     0 | D        | Found a bloodstained altar of Trog.
     0 | D        | Found a stormy altar of Qazlal.
     0 | D        | Found an iron altar of Okawaru.
     0 | D        | Found a sparkling altar of Nemelex Xobeh.
     0 | D        | Found a blossoming altar of Fedhas.
     2 | D        | Found a transporter.
     2 | D        | Found an ancient bone altar of Kikubaaqudgha.
     2 | D        | Found a viscous altar of Jiyva.
     2 | D        | Found a corrupted altar of Lugonu.
     2 | D        | Found a hazy altar of Hepliaklqana.
     2 | D        | Found a burning altar of Makhleb.
     2 | D        | Found an opulent altar of Gozag.
   114 | D        | Became a worshipper of Beogh the Brigand
   131 | D        | Entered arena 2.
   131 | D        | Noticed a deep elf mage
   131 | D        | Noticed a deep elf mage
   131 | D        | Found a transporter.
   135 | D        | Noticed an ice devil
   135 | D        | Noticed an orange demon
   136 | D        | Noticed a neqoxec
   137 | D        | Killed a deep elf mage
   137 | D        | Reached skill level 6 in Shields
   137 | D        | Reached skill level 5 in Invocations
   137 | D        | Reached XP level 2. HP: 14/30 MP: 1/5
   137 | D        | Reached XP level 3. HP: 17/37 MP: 1/6
   137 | D        | Reached XP level 4. HP: 21/44 MP: 1/7
   137 | D        | Reached XP level 5. HP: 24/50 MP: 1/8
   137 | D        | Reached XP level 6. HP: 27/57 MP: 1/9
   144 | D        | Killed a deep elf mage
   144 | D        | Reached skill level 7 in Shields
   144 | D        | Reached XP level 7. HP: 22/64 MP: 1/11
   355 | D        | Entered arena 3.
   355 | D        | Found a transporter.
   356 | D        | Reached * piety under Beogh
   357 | D        | Reached XP level 8. HP: 73/73 MP: 12/12
   359 | D        | Reached skill level 5 in Evocations
   444 | D        | Entered arena 4.
   444 | D        | Found a transporter.
   447 | D        | Reached ** piety under Beogh
   462 | D        | Reached skill level 5 in Crossbows
   467 | D        | Got the ring of Lies {rPois MP+9 Str+3}
   469 | D        | Entered arena 5.
   469 | D        | Found a transporter.
   473 | D        | Reached *** piety under Beogh
   476 | D        | Reached skill level 8 in Shields
   555 | D        | Entered arena 6.
   555 | D        | Found a transporter.
   558 | D        | Reached **** piety under Beogh
   566 | D        | Reached ***** piety under Beogh
   640 | D        | Entered arena 7.
   640 | D        | Noticed a slime creature
   640 | D        | Noticed a slime creature
   641 | D        | Found a transporter.
   643 | D        | Reached skill level 5 in Stealth
   655 | D        | Killed a slime creature
   655 | D        | Reached XP level 9. HP: 80/80 MP: 14/14
   706 | D        | Entered arena 8.
   706 | D        | Noticed a cyclops
   706 | D        | Noticed a merfolk
   706 | D        | Noticed a merfolk
   706 | D        | Noticed a merfolk
   707 | D        | Found a transporter.
   713 | D        | Killed a cyclops
   713 | D        | Reached skill level 9 in Shields
   713 | D        | Killed a merfolk
   713 | D        | Reached skill level 10 in Armour
   713 | D        | Reached skill level 5 in Dodging
   716 | D        | Killed a merfolk
   716 | D        | Reached ****** piety under Beogh
   719 | D        | Killed a merfolk
   719 | D        | Reached skill level 10 in Maces & Flails
   721 | D        | Reached skill level 10 in Shields
   744 | D        | Got the ring "Cieguy" {Ice Stlth+}
   746 | D        | Got the ring "Gaecaown" {rC+ rN++ Int+4 Stlth+}
   882 | D        | Entered arena 9.
   882 | D        | Noticed a wind drake
   882 | D        | Noticed a wind drake
   882 | D        | Noticed a wind drake
   883 | D        | Found a transporter.
   897 | D        | Reached XP level 10. HP: 67/89 MP: 16/16
   927 | D        | Reached skill level 11 in Shields
   946 | D        | Got the ring of Diuzu {MP+9 Int+5 Dex+3 Stlth+}
  1187 | D        | Entered arena 10.
  1187 | D        | Noticed a two-headed ogre
  1188 | D        | Found a transporter.
  1199 | D        | Killed a two-headed ogre
  1199 | D        | Reached skill level 12 in Shields
  1221 | D        | Got the amulet of Yrchot Biho {Spirit Fragile rF+ rN+++ Str+7}
  1240 | D        | Entered arena 11.
  1240 | D        | Noticed a hell hog
  1241 | D        | Found a transporter.
  1247 | D        | Killed a hell hog
  1250 | D        | Killed from afar by an efreet

Vault maps used:
D:        sprint_v

Skill      XL: |  1  2  3  4  5  6  7  8  9 10 |
---------------+-------------------------------+-----
Fighting       | 6 7 8 9 |  9.7
Maces & Flails | 6 7 8 10 11 | 11.4
Crossbows      | 4 5 6 7 |  7.1
Armour         | 6 7 8 9 10 11 | 11.6
Dodging        | 3 4 5 6 |  6.1
Stealth        | 3 4 5 6 |  6.9
Shields        | 6 7 8 10 12 | 12.5
Invocations    | 5 6 7 8 9 |  9.8
Evocations     | 4 5 6 7 |  7.4

Action                   |  1- 3 |  4- 6 |  7- 9 | 10-12 || total
-------------------------+-------+-------+-------+-------++-------
Melee: Shillelagh        |     5 |     5 |    69 |    34 ||   113
Invok: Smiting           |       |       |       |     2 ||     2
  Use: Potion            |       |       |       |     1 ||     1
  Eat: Chunk             |       |       |       |     1 ||     1
Armor: Plate armour      |     3 |     1 |    42 |    25 ||    71
Dodge: Dodged            |       |       |     6 |     2 ||     8
Block: Shield            |     5 |     5 |   131 |    81 ||   222
